 Dungeon Crawl Stone Soup version 0.18-b1-2-gd0c887e (webtiles) character file.

1817 namelastname112 the Slasher (level 8, 0/71 HPs)
             Began as a Purple Draconian Berserker on Apr 28, 2016.
             Was a Priest of Trog.
             Killed by divine providence
             ... invoked by an orc priest
              (9 damage)
             ... on level 6 of the Dungeon.
             The game lasted 00:06:23 (5523 turns).

namelastname112 the Slasher (DrBe)                  Turns: 5523, Time: 00:06:24

Health: 0/71       AC:  7    Str: 21    XL:     8   Next: 85%
Magic:  8/8        EV: 18    Int:  7    God:    Trog [***...]
Gold:   302        SH:  0    Dex: 12    Spells: 0 memorised, 7 levels left

rFire  . . .     SeeInvis .     a - +0 falchion
rCold  . . .     Gourm    .     (armour unavailable)
rNeg   . . .     Faith    .     (no shield)
rPois  .         Spirit   .     (helmet restricted)
rElec  .         Dismiss  .     (no cloak)
rCorr  .         Reflect  .     o - +0 pair of gloves
SustAt .         Harm     .     (no boots)
MR     +++..                    (no amulet)
Stlth  ..........               B - ring of loudness (curse)
                                t - +4 ring of evasion

@: exhausted, short of breath, regenerating, slowed, very slow, extremely
resistant to hostile enchantments, extremely unstealthy
A: breathe power, unfitting armour, cold-blooded, AC +6
a: Breathe Dispelling Energy, Berserk, Trog's Hand, Burn Spellbooks, Renounce
Religion


You were on level 6 of the Dungeon.
You worshipped Trog.
Trog was most pleased with you.
You were not hungry.

You visited 1 branch of the dungeon, and saw 6 of its levels.

You collected 302 gold pieces.

Inventory:

Hand Weapons
 a - a +0 falchion (weapon)
Missiles
 v - 2 throwing nets (quivered)
 w - 8 needles of paralysis
Armour
 o - a +0 pair of gloves (worn)
Jewellery
 t - a +4 ring of evasion (left hand)
 u - an uncursed ring of flight
 B - a cursed ring of loudness (right hand)
Wands
 p - a wand of teleportation (0/9)
 A - a wand of lightning (8/15)
Scrolls
 e - 8 scrolls of identify {unknown}
 g - 2 scrolls of magic mapping {unknown}
 i - 2 scrolls of remove curse {unknown}
 k - a scroll of amnesia {unknown}
 n - a scroll of fear {unknown}
 q - 2 scrolls of immolation {unknown}
 s - a scroll of recharging {unknown}
 x - a scroll of enchant armour {unknown}
 y - 2 scrolls of blinking {unknown}
 z - a scroll of noise {unknown}
Potions
 c - a potion of heal wounds {unknown}
 d - 3 potions of flight
 f - 3 potions of curing
 l - 3 potions of resistance {unknown}
 m - a potion of brilliance {unknown}
 r - a potion of degeneration {unknown}
Comestibles
 b - 3 bread rations
 h - 2 meat rations


   Skills:
 + Level 6.5 Fighting
 * Level 7.9 Long Blades
 + Level 4.5 Throwing
 + Level 5.3 Dodging


You had 7 spell levels left.
You didn't know any spells.

Dungeon Overview and Level Annotations

Branches:
Dungeon (6/15)
 Temple: D:4-7

Altars:
Ashenzari
Cheibriados
Dithmenos
Elyvilon
Makhleb
Ru
Xom
Zin


Innate Abilities, Weirdness & Mutations

You can breathe bolts of dispelling energy.
Your rich purple scales are hard (AC +6).
Your body does not fit into most forms of armour.
You are cold-blooded and may be slowed by cold attacks.


Message History

You barely miss the orc. The orc hits you but does no damage.
You regained 2 hp, and now have 18/71 hp.
Press: ? - help, Shift-Dir - straight line, f - orc
Aim: an orc, wielding a short sword and wearing a leather armour You breathe a bolt of dispelling energy.
The bolt of dispelling energy hits the orc.
You kill the orc!
Trog accepts your kill.
The bolt of dispelling energy misses the orc priest.
You feel somewhat more hungry.
The orc priest invokes the aid of Beogh against you.
Beogh smites you!
* * * LOW HITPOINT WARNING * * *
You take 10 damage, and have 8/71 hp.
You slash the orc priest!
You tail-slap the orc priest, but do no damage.
The orc priest is severely wounded.
The orc priest calls down the wrath of Beogh upon you.
Beogh smites you!
You die...

#c#
#.#.......####...#
#.#
#................###
#######o##
###.....######......
..oo.....# #(#####
#.#.### ##########
#.# #.#.# #.# #.#.#
############## #)#
....# .....o.oc.o.c#
#(# #.###
############.###@#
#.# #.o.#o# #.#
#.#.#.# ..# #.#...#
#.###.# ### ###


You could see an orc priest.

Vanquished Creatures
  Sigmund (D:2)
  Duvessa (D:5)
  An orc warrior (D:6)
  A sky beast (D:5)
  2 ogres (D:5)
  2 centaurs
  Dowan (D:5)
  3 scorpions
  5 killer bees (D:3)
  2 crimson imps (D:6)
  A giant frog zombie (D:5)
  A hound (D:4)
  A jelly (D:5)
  A centaur skeleton (D:4)
  An orc priest (D:6)
  2 orc wizards (D:6)
  4 worker ants
  A hound zombie (D:5)
  7 gnolls
  6 adders
  An ooze (D:2)
  3 worms
  3 giant geckos
  17 orcs
  4 giant cockroaches
  2 goblins
  8 hobgoblins
  7 jackals
  6 quokkas
  4 bats (D:1)
  A giant gecko skeleton (D:6)
  5 giant newts
  2 jackal skeletons
  7 kobolds
  2 quokka skeletons
  6 rats
122 creatures vanquished.

Vanquished Creatures (others)
  An orc (D:6)
1 creature vanquished.

Grand Total: 123 creatures vanquished

Notes
Turn   | Place    | Note
--------------------------------------------------------------
     0 | D:1      | namelastname112 the Draconian Berserker began the quest for the Orb.
     0 | D:1      | Reached XP level 1. HP: 19/19 MP: 1/1
   263 | D:1      | Reached XP level 2. HP: 17/26 MP: 2/2
  1140 | D:2      | Noticed Sigmund
  1150 | D:2      | Killed Sigmund
  1150 | D:2      | Reached skill level 4 in Long Blades
  1150 | D:2      | Reached skill level 1 in Throwing
  1150 | D:2      | Reached XP level 3. HP: 27/33 MP: 3/3
  1150 | D:2      | Reached XP level 4. HP: 33/40 MP: 4/4
  1150 | D:2      | Reached XP level 5. HP: 39/46 MP: 5/5
  1238 | D:2      | Reached ** piety under Trog
  1311 | D:2      | Found a shimmering altar of Xom.
  1345 | D:2      | Found a shadowy altar of Dithmenos.
  1345 | D:2      | Found a white marble altar of Elyvilon.
  2307 | D:3      | Found a burning altar of Makhleb.
  2307 | D:3      | Found a glowing silver altar of Zin.
  2308 | D:3      | Noticed an angel
  2308 | D:3      | Noticed an Executioner
  2490 | D:3      | Reached XP level 6. HP: 53/53 MP: 6/6
  2492 | D:3      | Reached skill level 5 in Long Blades
  2655 | D:3      | Reached *** piety under Trog
  3031 | D:4      | Your scales start taking on a rich purple colour.
  3031 | D:4      | Reached XP level 7. HP: 41/60 MP: 7/7
  3182 | D:4      | Received a gift from Trog
  3681 | D:4      | Reached skill level 5 in Fighting
  3770 | D:4      | Reached skill level 6 in Long Blades
  3823 | D:4      | Found a snail-covered altar of Cheibriados.
  3828 | D:4      | Found a shattered altar of Ashenzari.
  3887 | D:5      | Entered Level 5 of the Dungeon
  4305 | D:5      | Noticed Duvessa
  4305 | D:5      | Noticed Dowan
  4324 | D:5      | Killed Duvessa
  4324 | D:5      | Reached XP level 8. HP: 36/69 MP: 8/8
  4337 | D:5      | Killed Dowan
  4404 | D:5      | Reached skill level 7 in Long Blades
  4894 | D:5      | Found a sacrificial altar of Ru.
  5183 | D:6      | Reached skill level 5 in Dodging
  5332 | D:6      | Reached **** piety under Trog
  5517 | D:6      | Received a gift from Trog
  5523 | D:6      | Killed from afar by an orc priest

Skill      XL: |  1  2  3  4  5  6  7  8 |
---------------+-------------------------+-----
Fighting       | 4 5 6 |  6.5
Long Blades    | 4 5 6 7 |  7.9
Throwing       | 1 2 3 4 |  4.5
Dodging        | 3 4 5 |  5.3

Action                   |  1- 3 |  4- 6 |  7- 9 || total
-------------------------+-------+-------+-------++-------
Melee: Falchion          |    54 |   137 |   284 ||   475
       Tailslap          |     6 |    14 |    61 ||    81
Invok: Berserk           |     1 |     1 |     6 ||     8
       Burn Spellbooks   |       |     1 |     1 ||     2
       Trog's Hand       |       |       |     4 ||     4
 Abil: Breathe Dispellin |       |       |     2 ||     2
Evoke: Wand              |       |       |     1 ||     1
  Use: Potion            |       |       |     2 ||     2
 Stab: Sleeping          |     1 |       |     1 ||     2
       Distracted        |       |       |     1 ||     1
  Eat: Chunk             |     1 |     7 |    11 ||    19
       Meat ration       |       |       |     1 ||     1
       Pizza             |       |       |     1 ||     1
Armor: Skin              |    12 |    34 |    61 ||   107
Dodge: Dodged            |    40 |   112 |   296 ||   448
